 Dungeon Crawl Stone Soup version 0.29.0-4-gdea44cf6ec (webtiles) character file.

Game seed: 12223495989637520632

263 qw the Ruffian (level 6, 0/48 HPs)
             Began as a Ghoul Enchanter on Sept 5, 2022.
             Slain by a kobold
             ... wielding a +0 dagger
              (1 damage)
             ... on level 4 of the Dungeon.
             The game lasted 00:02:00 (4728 turns).

qw the Ruffian (Ghoul Enchanter)                    Turns: 4728, Time: 00:02:00

Health: 0/48       AC: 11    Str: 14    XL:     6   Next: 19%
Magic:  7/7        EV:  6    Int: 10    God:
Gold:   198        SH:  0    Dex:  9    Spells: 8/8 levels left

rFire   . . .      SeeInvis .     - Unarmed
rCold   + . .      Faith    .   (no shield)
rNeg    + + +      Spirit   .   j - +0 chain mail
rPois   inf        Reflect  .   b - +0 helmet
rElec   .          Harm     .   (no cloak)
rCorr   .          Rampage  .   g - +0 pair of gloves
Will    .....                   (no boots)
Stlth   ..........              (no amulet)
HPRegen 0.00/turn               (no ring)
MPRegen 0.10/turn               (no ring)

@: inhibited regen
A: claws 1, cold resistance 1, negative energy resistance 3, inhibited
regeneration, torment resistance 2, devour on kill
a: no special abilities


You were on level 4 of the Dungeon.
You visited 1 branch of the dungeon, and saw 4 of its levels.

You collected 198 gold pieces.


Innate Abilities, Weirdness & Mutations

You are immune to poison.
You have sharp fingernails.
Your flesh is cold resistant. (rC+)
You are immune to negative energy. (rN+++)
You do not regenerate when monsters are visible.
You are immune to unholy pain and torment.
You thrive by killing the living.


   Skills:
 - Level 2.2 Fighting
 - Level 0.8 Short Blades
 - Level 2.5 Armour
 - Level 1.7 Dodging
 - Level 3.2 Stealth
 + Level 4.7 Unarmed Combat
 - Level 1.7 Spellcasting
 - Level 2.4 Hexes


You had 8 spell levels left.
You didn't know any spells.
Your spell library contained the following spells:

 Spells                   Type           Power      Damage    Failure   Level
 Ensorcelled Hibernation  Hex/Ice        6%         N/A       100%        2
 Confusing Touch          Hex            5%         N/A       100%        3
 Dazzling Flash           Conj/Hex       6%         N/A       100%        3
 Tukima's Dance           Hex            5%         N/A       100%        3

Inventory:

Armour
 b - a +0 helmet (worn)
 g - a +0 pair of gloves (worn)
 j - a +0 chain mail (worn)
Scrolls
 c - 3 scrolls of identify
Potions
 e - a potion of mutation
 f - a potion of curing

Dungeon Overview and Level Annotations

Branches:
Dungeon (4/15)
 Temple: D:4-7

Altars:
Hepliaklqana
Xom

Shops:
D:1 :

Annotations:
D:4 Blork the orc


Message History

Blork the orc is moderately wounded.
Blork the orc barely misses you.
The quokka bites you but does no damage.
The kobold barely misses you.
You closely miss Blork the orc. Your punch misses Blork the orc.
Blork the orc is moderately wounded.
Blork the orc gestures at you while chanting.
The magic dart hits you. The quokka bites you.
The kobold hits you but does no damage.
You closely miss Blork the orc.
Blork the orc is moderately wounded.
Blork the orc screams, "I'll cover the dungeon with your blood!"
Blork the orc begins to cast a cantrip, but forgets the words!
The quokka barely misses you.
Blork the orc hits you but does no damage.
The kobold hits you but does no damage.
You hit Blork the orc.
Blork the orc is heavily wounded.
The quokka closely misses you.
Blork the orc hits you with a +0 scimitar.
The kobold barely misses you.
You punch Blork the orc!
Blork the orc is severely wounded.
Blork the orc looks braver for a moment.
The quokka bites you but does no damage.
Blork the orc hits you but does no damage.
The kobold hits you but does no damage.
You hit Blork the orc.
Blork the orc is severely wounded.
The quokka bites you but does no damage.
Blork the orc hits you with a +0 scimitar!
The quokka bites you but does no damage.
You hit Blork the orc but do no damage.
Blork the orc is severely wounded.
Blork the orc completely misses you. The kobold hits you but does no damage.
The quokka bites you but does no damage.
You hit Blork the orc.
Blork the orc is almost dead.
Blork the orc barely misses you. The kobold hits you with a +0 dagger.
You die...

#..# ...... ....)...
#############..# .....#
........
...............##.....
........
.###########......######
........ +...........#
........ #.......)..#.
........ #............
........ #............
####### #...K@....### #
#...or....# #
#.........# #
............#
###.........#
#####.##### #.# #.#


You could see Blork the orc (fast), a quokka and a kobold.

Vanquished Creatures
  A black bear (D:4)
  A jelly (D:4)
  6 adders
  4 worms
  4 dart slugs
  An orc (D:3)
  4 ball pythons
  7 endoplasms
  5 giant cockroaches
  7 goblins
  9 hobgoblins
  4 kobolds
  5 quokkas
  5 bats
  4 frilled lizards
  5 rats
72 creatures vanquished.

Notes
Turn   | Place    | Note
-------+----------+-------------------------------------------
     0 | D:1      | qw the Ghoul Enchanter began the quest for the Orb.
     0 | D:1      | Reached XP level 1. HP: 14/14 MP: 2/2
     0 | D:1      | 0 ||| qw: Version: 0.1-a-104-g96f76f8
     0 | D:1      | 0 ||| qw: Game counter: 5804
     0 | D:1      | 0 ||| qw: Always use a shield: true
     0 | D:1      | 0 ||| qw: God list: Okawaru
     0 | D:1      | 0 ||| qw: Allow faded altars: false
     0 | D:1      | 0 ||| qw: Do Orc after D:15 true
     0 | D:1      | 0 ||| qw: Do second Lair branch before Depths: true
     0 | D:1      | 0 ||| qw: Lair rune preference: random
     0 | D:1      | 0 ||| qw: Plans: Normal
     0 | D:1      | 0 ||| PLANNING D:1-11
     1 | D:1      | 1 ||| DROPPING +1 dagger.
   205 | D:1      | Found Erchas Zitwuh's Book Boutique.
   217 | D:1      | Reached skill level 1 in Unarmed Combat
   419 | D:1      | Reached skill level 1 in Fighting
   419 | D:1      | Reached XP level 2. HP: 15/23 MP: 3/3
   951 | D:1      | Found a faded altar of an unknown god.
  1135 | D:1      | Reached skill level 2 in Unarmed Combat
  1425 | D:1      | Reached XP level 3. HP: 28/28 MP: 4/4
  1756 | D:1      | 1756 ||| UPGRADING to +0 ring mail.
  1766 | D:1      | 1766 ||| DROPPING +0 robe.
  1767 | D:1      | 1767 ||| READING scroll labelled MUKLINLUEHU.
  1768 | D:1      | 1768 ||| READING 4 scrolls labelled QOACSU NUWERO.
  1769 | D:1      | 1769 ||| READING 3 scrolls of identify.
  1769 | D:1      | 1769 ||| IDENTIFYING glowing grey potion
  1770 | D:1      | 1770 ||| READING 2 scrolls of identify.
  1770 | D:1      | 1770 ||| IDENTIFYING metallic amethyst potion
  1771 | D:1      | 1771 ||| DROPPING 2 potions of invisibility.
  1772 | D:1      | 1772 ||| DROPPING potion of berserk rage.
  1773 | D:1      | 1773 ||| DROPPING potion of magic.
  1799 | D:2      | 1799 ||| STAIRDANCE
  1880 | D:2      | 1880 ||| STAIRDANCE
  1882 | D:1      | 1882 ||| Stepping ~*~*~tactically~*~*~ (outnumbered).
  1883 | D:1      | 1883 ||| Stepping ~*~*~tactically~*~*~ (outnumbered).
  1884 | D:1      | 1884 ||| Stepping ~*~*~tactically~*~*~ (outnumbered).
  1904 | D:2      | 1904 ||| Stepping ~*~*~tactically~*~*~ (stealth).
  1905 | D:2      | 1905 ||| Stepping ~*~*~tactically~*~*~ (stealth).
  1906 | D:2      | 1906 ||| Stepping ~*~*~tactically~*~*~ (stealth).
  1907 | D:2      | 1907 ||| Stepping ~*~*~tactically~*~*~ (stealth).
  1910 | D:2      | 1910 ||| Stepping ~*~*~tactically~*~*~ (stealth).
  1913 | D:2      | 1913 ||| Stepping ~*~*~tactically~*~*~ (stealth).
  1914 | D:2      | 1914 ||| Stepping ~*~*~tactically~*~*~ (stealth).
  1919 | D:2      | Reached skill level 3 in Unarmed Combat
  1938 | D:2      | 1938 ||| FLEEEEING.
  1939 | D:2      | 1939 ||| FLEEEEING.
  1940 | D:2      | 1940 ||| FLEEEEING.
  1941 | D:2      | 1941 ||| FLEEEEING.
  1942 | D:2      | 1942 ||| FLEEEEING.
  1943 | D:2      | 1943 ||| FLEEEEING.
  1944 | D:2      | 1944 ||| STAIRDANCE
  2015 | D:2      | 2015 ||| Stepping ~*~*~tactically~*~*~ (outnumbered).
  2069 | D:2      | Found a hazy altar of Hepliaklqana.
  2228 | D:2      | Reached XP level 4. HP: 27/35 MP: 5/5
  2391 | D:2      | 2391 ||| Stepping ~*~*~tactically~*~*~ (stealth).
  2487 | D:2      | 2487 ||| UPGRADING to +0 helmet.
  2492 | D:2      | 2492 ||| READING 2 scrolls labelled BEITOS UMUMUEC.
  2496 | D:2      | 2496 ||| READING scroll labelled BOR ELUNKUSUETS.
  2497 | D:2      | 2497 ||| READING 3 scrolls of identify.
  2497 | D:2      | 2497 ||| IDENTIFYING glowing emerald potion
  2498 | D:2      | 2498 ||| READING 2 scrolls of identify.
  2498 | D:2      | 2498 ||| IDENTIFYING golden potion
  2499 | D:2      | 2499 ||| DROPPING potion of brilliance.
  2518 | D:3      | 2518 ||| PLANNING SEWER
  2520 | D:3      | 2520 ||| STAIRDANCE
  2739 | D:3      | 2739 ||| Stepping ~*~*~tactically~*~*~ (stealth).
  2740 | D:3      | 2740 ||| FLEEEEING.
  2741 | D:3      | 2741 ||| FLEEEEING.
  2742 | D:3      | 2742 ||| FLEEEEING.
  2770 | D:3      | Reached skill level 4 in Unarmed Combat
  2843 | D:3      | 2843 ||| Stepping ~*~*~tactically~*~*~ (stealth).
  2867 | D:3      | 2867 ||| Stepping ~*~*~tactically~*~*~ (stealth).
  2869 | D:3      | 2869 ||| Stepping ~*~*~tactically~*~*~ (stealth).
  2924 | D:3      | 2924 ||| Stepping ~*~*~tactically~*~*~ (stealth).
  2926 | D:3      | 2926 ||| Stepping ~*~*~tactically~*~*~ (stealth).
  3014 | D:3      | Found a shimmering altar of Xom.
  3118 | D:3      | Reached XP level 5. HP: 30/41 MP: 6/6
  3227 | D:3      | Found a glowing drain.
  3228 | D:3      | 3228 ||| UPGRADING to +0 pair of gloves.
  3233 | D:3      | 3233 ||| UPGRADING to +0 chain mail.
  3243 | D:3      | 3243 ||| DROPPING +0 ring mail.
  3244 | D:3      | 3244 ||| DRINKING 2 bubbling blue potions.
  3245 | D:3      | 3245 ||| DRINKING 2 clear potions.
  3246 | D:3      | 3246 ||| READING 3 scrolls of identify.
  3246 | D:3      | 3246 ||| IDENTIFYING fuming coppery potion
  3247 | D:3      | 3247 ||| DROPPING potion of flight.
  3248 | D:3      | 3248 ||| DROPPING potion of lignification.
  3463 | D:3      | 3463 ||| Stepping ~*~*~tactically~*~*~ (stealth).
  3464 | D:3      | 3464 ||| Stepping ~*~*~tactically~*~*~ (stealth).
  3572 | D:3      | 3572 ||| RIP SEWER
  3572 | D:3      | 3572 ||| PLANNING D:1-11
  3572 | D:3      | 3572 ||| READING scroll labelled BOUDUBUTZE.
  3636 | D:4      | Noticed a black bear
  3650 | D:4      | HP: 10/41 [black bear (5)]
  3650 | D:4      | HP: 3/41 [black bear (7)]
  3651 | D:4      | 3651 ||| READING 2 scrolls of teleportation.
  3651 | D:4      | HP: 1/41 [black bear (2)]
  3652 | D:4      | Killed a black bear
  3653 | D:4      | Reached XP level 6. HP: 4/48 MP: 7/7
  4218 | D:4      | Noticed Blork the orc
  4219 | D:4      | 4219 ||| Stepping ~*~*~tactically~*~*~ (stealth).
  4221 | D:4      | 4221 ||| Stepping ~*~*~tactically~*~*~ (hiding).
  4233 | D:4      | HP: 7/48 [Blork the orc/+0 scimitar (7)]
  4234 | D:4      | 4234 ||| READING scroll of teleportation.
  4236 | D:4      | HP: 1/48 [Blork the orc/+0 scimitar (4)]
  4549 | D:4      | HP: 12/48 [acid (7)]
  4724 | D:4      | HP: 11/48 [Blork the orc/+0 scimitar (3)]
  4726 | D:4      | HP: 1/48 [Blork the orc/+0 scimitar (10)]
  4728 | D:4      | Slain by a kobold

Levels and vault maps discovered:
D:1:      minmay_arrival_split_and_join, layout_rooms,
          shapermc_ecumenical_altar_petra, serial_shops, shop, moated_statue
D:2:      layout_rooms, basic_altar
D:3:      layout_basic, mainiacjoe_overflow_surrounded_room,
          lightli_sewer_entry_pipes
D:4:      layout_basic, elyvilon_altar_5, serial_shops,
          nicolae_shop_advertising_works [nicolae_subvault_shop_adworks],
          kennysheep_another_room, uniq_blork_the_orc

Skill      XL: |  1  2  3  4  5 |
---------------+----------------+-----
Unarmed Combat | 1 2 3 4 |  4.7
Fighting       | 1 2 |  2.2
Armour         | 2 |  2.5
Short Blades   | |  0.8
Dodging        | |  1.7
Stealth        | |  3.2
Spellcasting   | |  1.7
Hexes          | |  2.4

Action                   |  1- 3 |  4- 6 || total
-------------------------+-------+-------++-------
Melee: Unarmed           |   178 |   189 ||   367
       Punch             |     2 |     4 ||     6
  Use: Scroll            |     4 |     8 ||    12
       Potion            |       |     2 ||     2
 Stab: Sleeping          |     1 |       ||     1
Armor: Robe              |    20 |       ||    20
       Ring mail         |    27 |    31 ||    58
       Chain mail        |       |    53 ||    53
Dodge: Dodged            |   100 |    64 ||   164

Table legend:
 A = Non-vault XP
 B = Vault XP
 C = Vault XP percentage of total XP
 D = Non-vault monster count
 E = Vault monster count
 F = Vault count percentage of total count
                 A         B        C        D         E       F
            +---------+---------+-------+---------+---------+-------
      Total |     305 |      71 |  18.9 |      62 |      10 |  13.9
            +---------+---------+-------+---------+---------+-------
        D:1 |      54 |       0 |   0.0 |      28 |       0 |   0.0
        D:2 |      46 |       0 |   0.0 |      18 |       0 |   0.0
        D:3 |      34 |      71 |  67.6 |      12 |      10 |  45.5
        D:4 |     171 |       0 |   0.0 |       4 |       0 |   0.0
            +---------+---------+-------+---------+---------+-------
